 Dungeon Crawl Stone Soup version 0.28.0 (webtiles) character file.

Game seed: 485238201317636269

195 fiver49 the Cutter (level 6, -10/35 HPs)
             Began as a Kobold Warper on Feb 8, 2022.
             Killed by divine providence
             ... invoked by an orc priest
              (13 damage)
             ... on level 4 of the Dungeon.
             The game lasted 00:08:28 (4367 turns).

fiver49 the Cutter (Kobold Warper)                  Turns: 4367, Time: 00:08:29

Health: -10/35     AC:  8    Str: 11    XL:     6   Next: 4%
Magic:  9/9        EV: 13    Int: 14    God:
Gold:   163        SH:  5    Dex: 14    Spells: 9/9 levels left

rFire   . . .      SeeInvis +   a - +0 short sword
rCold   . . .      Faith    .   (no shield)
rNeg    . . .      Spirit   .   k - +2 ring mail {Will+}
rPois   .          Reflect  +   (no helmet)
rElec   .          Harm     .   (no cloak)
rCorr   .          Rampage  .   (no gloves)
Will    +....                   o - +0 pair of boots
Stlth   ++........              h - amulet of reflection
HPRegen 0.11/turn               l - ring of see invisible
MPRegen 0.11/turn               (no ring)

@: no status effects
A: small, no large weapons, nightstalker 3
a: no special abilities


You were on level 4 of the Dungeon.
You visited 1 branch of the dungeon, and saw 4 of its levels.

You collected 163 gold pieces.

Inventory:

Hand Weapons
 a - a +0 short sword (weapon)
Missiles
 d - 4 boomerangs of dispersal
 r - 2 poisoned darts (quivered)
Armour
 b - a +0 leather armour
 k - a +2 ring mail of willpower (worn)
   (You found it on level 1 of the Dungeon)
 o - a +0 pair of boots (worn)
   (You found it on level 3 of the Dungeon)
Jewellery
 h - an amulet of reflection (around neck)
   (You found it on level 1 of the Dungeon)
 j - a ring of ice
   (You found it on level 1 of the Dungeon)
 l - a ring of see invisible (left hand)
   (You found it on level 2 of the Dungeon)
 m - an amulet of guardian spirit
   (You found it on level 2 of the Dungeon)
 q - a ring of fire
   (You took it off a goblin on level 3 of the Dungeon)
Scrolls
 c - a scroll of blinking
 e - 3 scrolls of identify {unknown}
 i - a scroll of torment {unknown}
 n - a scroll of amnesia {unknown}
 p - a scroll of enchant armour {unknown}
 t - a scroll of fog {unknown}
Potions
 f - 2 potions of ambrosia {unknown}
 g - 2 potions of curing {unknown}
 s - a potion of brilliance {unknown}


   Skills:
 - Level 2.1 Fighting
 + Level 7.6 Short Blades
 - Level 1.1 Throwing
 - Level 0.7 Armour
 - Level 2.4 Dodging
 - Level 2.1 Spellcasting
 - Level 3.0 Translocations


You had 9 spell levels left.
You didn't know any spells.
Your spell library contained the following spells:

 Spells                   Type           Power      Damage    Failure   Level
 Blink                    Tloc           18%        N/A       26%         2
 Gell's Gravitas          Tloc           9%         N/A       45%         3
 Lesser Beckoning         Tloc           9%         N/A       45%         3
 Teleport Other           Tloc           9%         N/A       45%         3
 Manifold Assault         Tloc           9%         N/A       99%         5


Dungeon Overview and Level Annotations

Branches:
Dungeon (4/15)
 Temple: D:4-7

Altars:
Kikubaaqudgha

Annotations:
D:3 Ijyb


Innate Abilities, Weirdness & Mutations

You are small and have problems with some larger weapons.
You are completely attuned to the shadows.


Message History

No target in view!
No target in view!
No target in view!
No target in view!
You climb downwards.
The orc hits you with a +0 hand axe.
There is a stone staircase leading up here.
The orc barely misses you.
You climb upwards.
Level annotation: Ijyb
There is a stone staircase leading down here.
You barely miss the orc. The orc hits you with a +0 hand axe.
You hit the orc.
The orc is moderately wounded.
The orc completely misses you.
You closely miss the orc.
The orc is moderately wounded.
You hit the orc.
The orc is severely wounded.
You block the orc's attack.
You hit the orc.
You kill the orc!
No target in view!
No target in view!
No target in view!
No target in view!
No target in view!
No target in view!
No target in view!
No target in view!
No target in view!
No target in view!
No target in view!
No target in view!
No target in view!
No target in view!
No target in view!
No target in view!
No target in view!
No target in view!
No target in view!
No target in view!
No target in view!
No target in view!
No target in view!
No target in view!
You start resting.
HP restored.
You climb downwards.
The orc priest looks braver for a moment.
There is a stone staircase leading up here.
The orc priest calls down the wrath of Beogh upon you.
Beogh smites you! You block the orc priest's attack.
You are too injured to fight recklessly!
You are too injured to fight recklessly!
You are too injured to fight recklessly!
You are too injured to fight recklessly!
You are too injured to fight recklessly!
You are too injured to fight recklessly!
You are too injured to fight recklessly!
You are too injured to fight recklessly!
You are too injured to fight recklessly!
You are too injured to fight recklessly!
You are too injured to fight recklessly!
You are too injured to fight recklessly!
You are too injured to fight recklessly!
You hit the orc priest but do no damage.
The orc priest hits you with a +0 mace.
You hit the orc priest.
The orc priest is lightly wounded.
You hit the orc priest.
The orc priest is moderately wounded.
The orc priest hits you but does no damage.
You barely miss the orc priest.
The orc priest is moderately wounded.
You block the orc priest's attack.
You hit the orc priest but do no damage.
The orc priest is moderately wounded.
The orc priest hits you with a +0 mace!
* * * LOW HITPOINT WARNING * * *
You hit the orc priest but do no damage.
The orc priest is moderately wounded.
You closely miss the orc priest.
The orc priest is moderately wounded.
The orc priest misses you.
You barely miss the orc priest.
The orc priest is moderately wounded.
The orc priest hits you but does no damage.
You hit the orc priest but do no damage.
The orc priest is moderately wounded.
You hit the orc priest.
The orc priest is heavily wounded.
The orc priest hits you with a +0 mace.
* * * LOW HITPOINT WARNING * * *
You hit the orc priest but do no damage.
The orc priest is heavily wounded.
The orc priest begins to cast a cantrip, but forgets the words!
The orc priest calls down the wrath of Beogh upon you.
Beogh smites you!
You die...

#o.⌠...⌠
#.......
#....⌠..
#.######......
#.#...o..⌠...⌠
#.#.###.......
#.#.# #....⌠..
##<#.# ##.....
#.@#.# #.⌠...
#.##.# ....
#o##o#
#.##.####
####.##.....
............
####........
########.


You could see an orc priest.

Vanquished Creatures
  7 gnolls
  5 adders
  3 worms
  A dart slug (D:2)
  2 orcs (D:3)
  5 bats
  6 endoplasms
  2 giant cockroaches
  10 hobgoblins
  11 kobolds
  2 quokkas
  5 ball pythons
  A frilled lizard (D:3)
  6 goblins
  6 rats
72 creatures vanquished.

Vanquished Creatures (others)
  8 plants (D:1)
8 creatures vanquished.

Grand Total: 80 creatures vanquished

Notes
Turn   | Place    | Note
-------+----------+-------------------------------------------
     0 | D:1      | fiver49 the Kobold Warper began the quest for the Orb.
     0 | D:1      | Reached XP level 1. HP: 12/12 MP: 3/3
    63 | D:1      | Reached skill level 3 in Short Blades
   295 | D:1      | Reached XP level 2. HP: 17/17 MP: 5/5
   410 | D:1      | Reached skill level 4 in Short Blades
   630 | D:1      | Reached XP level 3. HP: 19/21 MP: 6/6
   991 | D:1      | Found a faded altar of an unknown god.
  1176 | D:2      | Reached skill level 5 in Short Blades
  1309 | D:2      | Noticed a black bear
  1799 | D:2      | Found an ancient bone altar of Kikubaaqudgha.
  1831 | D:2      | Reached XP level 4. HP: 26/26 MP: 7/7
  2402 | D:2      | Reached skill level 6 in Short Blades
  2960 | D:2      | Reached XP level 5. HP: 30/30 MP: 8/8
  3204 | D:3      | Reached skill level 7 in Short Blades
  3849 | D:3      | Noticed Ijyb
  4032 | D:3      | Reached XP level 6. HP: 35/35 MP: 9/9
  4360 | D:4      | HP: 7/35 [orc priest (8)]
  4365 | D:4      | HP: 3/35 [orc priest (5)]
  4367 | D:4      | Killed from afar by an orc priest

Illustrated notes

Levels and vault maps discovered:
D:1:      saegor_arrival_simple_b, layout_basic,
          dilly_ecumenical_altar_fadedgnrine, serial_forest,
          infiniplex_forest_straight_3, infiniplex_forest_side_room,
          infiniplex_forest_clump_curved, infiniplex_forest_lined_3,
          infiniplex_forest_clump_double, infiniplex_forest_join
D:2:      layout_basic, basic_altar, grunt_ministairs_2, serial_park_tiny_pond,
          item_on_display_a
D:3:      layout_loops_ring, uniq_ijyb
D:4:      layout_loops_ring, nicolae_tso_carved_into_rock,
          minmay_temple_entry_glassed_door, ebering_ghost_gozag,
          amcnicky_mini_pool_small, minivault_23,
          hangedman_decor_diamond_cutter, kennysheep_crisscross, minmay_bisected

Skill      XL: |  1  2  3  4  5 |
---------------+----------------+-----
Short Blades   | 3 4 5 6 7 |  7.6
Fighting       | |  2.1
Throwing       | |  1.1
Armour         | |  0.7
Dodging        | |  2.4
Spellcasting   | |  2.1
Translocations | |  3.0

Action                   |  1- 3 |  4- 6 || total
-------------------------+-------+-------++-------
Melee: Short sword       |   120 |   190 ||   310
Throw: Boomerang         |     1 |       ||     1
       Dart              |       |     1 ||     1
 Stab: Sleeping          |    11 |     5 ||    16
       Distracted        |       |     1 ||     1
Armor: Leather armour    |    11 |       ||    11
       Ring mail         |     5 |    30 ||    35
Dodge: Dodged            |    64 |    79 ||   143
Block: Other             |    16 |    35 ||    51

Table legend: (Time is in decaauts)
 A = Elapsed time spent in this place.
 B = Non-inter-level travel time spent in this place.
 C = Inter-level travel time spent in this place.
 D = Time resting spent in this place.
 E = Time spent auto-exploring this place.
 F = Levels seen in this place.
 G = Mean time per level.
                   A        B        C        D        E       F      G
               +--------+--------+--------+--------+--------+-----+--------+
         Total |   4313 |   4112 |    201 |     92 |   3118 |   4 | 1078.2 |
       Dungeon |   4313 |   4112 |    201 |     92 |   3118 |   4 | 1078.2 |
               +--------+--------+--------+--------+--------+-----+--------+

Top non-repeatable levels by time:
     D:2: 2008 daAuts
     D:1: 1192 daAuts
     D:3: 1014 daAuts
     D:4: 97 daAuts

Table legend:
 A = Kills in this place as a percentage of kills in entire the game.
 B = Kills by you in this place as a percentage of kills by you in the entire game.
 C = Kills by friends in this place as a percentage of kills by friends in the entire game.
 D = Other kills in this place as a percentage of other kills in the entire game.
 E = Experience gained in this place as a percentage of experience gained in the entire game.
 F = Experience gained in this place divided by the number of levels of this place that you have seen.
                   A       B       C       D       E      F
               +-------+-------+-------+-------+-------+----------------------
         Total | 100.0 | 100.0 |   N/A |   N/A | 100.0 |  69.8
       Dungeon | 100.0 | 100.0 |   N/A |   N/A | 100.0 |  69.8
               +-------+-------+-------+-------+-------+----------------------
